 Dungeon Crawl Stone Soup version 0.31-a0-728-g01b46875f1 (console) character file.

Game seed: 2082766801834978409

4678 jejorda2 the Cleaver (level 10, -4/80 (82) HPs)
             Began as a Gnoll Berserker on Sept 11, 2023.
             Was a Priest of Trog.
             Killed from afar by Maurice (7 damage)
             ... with an iceblast
             ... on level 8 of the Dungeon.
             The game lasted 00:21:14 (8002 turns).

jejorda2 the Cleaver (Gnoll Berserker)              Turns: 8002, Time: 00:21:16

HP:   -4/80 (82)    AC: 14    Str: 21    XL:     10   Next: 44%
MP:   18/18         EV: 13    Int:  7    God:    Trog [***...]
Gold: 0             SH:  0    Dex: 11    Spells: 19/19 levels left

rFire   + . .        a - +1 battleaxe
rCold   . . .        (shield currently unavailable)
rNeg    . . .        m - +0 plate armour
rPois   .            (no helmet)
rElec   .            (no cloak)
rCorr   .            (no gloves)
SInv    .            q - +0 pair of boots
Will    ++...        (no amulet) Stlth
                     f - ring of protection from fire
HPRegen 1.33/turn    E - +5 ring of evasion
MPRegen 0.16/turn

%: no passive effects
@: lethally poisoned (-4 -> -4), strong-willed, on berserk cooldown,
regenerating, slowed, lightly drained, very slow
A: fangs 1, strong nose, distributed training
a: Renounce Religion, Berserk, Trog's Hand


You were on level 8 of the Dungeon.
You worshipped Trog.
Trog was most pleased with you.
You visited 1 branch of the dungeon, and saw 8 of its levels.
You also visited: Ossuary.

Inventory:

Hand Weapons
 a - a +1 battleaxe (weapon)
 x - a +0 war axe
Missiles
 p - a throwing net
 r - 5 boomerangs (quivered)
 y - 3 datura-tipped darts
Armour
 j - the +1 scale mail of the Snake Pit {+Blink +Inv rF- rC++}
   (You found it on level 2 of the Dungeon)

   rF-:       It makes you vulnerable to fire.
   rC++:      It greatly protects you from cold.
   +Inv:      It lets you turn invisible.
   +Blink:    It lets you blink.
 m - a +0 plate armour (worn)
 q - a +0 pair of boots (worn)
Jewellery
 f - a ring of protection from fire (left hand)
 E - a +5 ring of evasion (right hand)
Wands
 e - a wand of flame (64)
 k - a wand of mindburst (11)
 o - a wand of polymorph (9)
 v - a wand of paralysis (10)
 B - a wand of iceblast (13)
Scrolls
 c - 2 scrolls of identify
 d - a scroll of fog
 g - 4 scrolls of teleportation
 A - a scroll of revelation
 F - a scroll of blinking
Potions
 h - a potion of resistance
 l - a potion of haste {unknown}
 n - 4 potions of curing
 s - a potion of heal wounds {unknown}
 t - a potion of mutation {unknown}
 u - 2 potions of attraction {unknown}
 w - 2 potions of might
 z - 2 potions of magic


   Skills:
 + Level 8.6 Fighting
 + Level 5.4 Short Blades
 + Level 5.4 Long Blades
 + Level 8.6 Axes
 + Level 5.4 Maces & Flails
 + Level 5.4 Polearms
 + Level 5.4 Staves
 + Level 5.4 Ranged Weapons
 + Level 5.4 Throwing
 + Level 7.1 Armour
 + Level 7.1 Dodging
 + Level 5.4 Stealth
 + Level 5.4 Shields
 + Level 5.4 Unarmed Combat
 + Level 5.4 Spellcasting
 + Level 4.4 Conjurations
 + Level 4.4 Hexes
 + Level 4.4 Summonings
 + Level 4.4 Necromancy
 + Level 4.4 Translocations
 + Level 4.4 Transmutations
 + Level 4.4 Fire Magic
 + Level 4.4 Ice Magic
 + Level 4.4 Air Magic
 + Level 4.4 Earth Magic
 + Level 4.4 Poison Magic
 + Level 5.9 Invocations
 + Level 5.4 Evocations
 + Level 4.9 Shapeshifting


You had 19 spell levels left.
You didn't know any spells.
Your spell library was empty.

Dungeon Overview and Level Annotations

Branches:
Dungeon (8/15)             Temple (0/1) D:7         Ossuary (visited)
   Lair: D:8-11

Altars:
Ashenzari
Cheibriados
Elyvilon
Gozag
Makhleb
Qazlal
Ru
Uskayaw
Wu Jian
Yredelemnul
The Shining One

Shops:
D:3 =

Annotations:
D:8 Maurice


Innate Abilities, Weirdness & Mutations

You have very sharp teeth.
Your uncanny sense of smell can sniff out nearby items.
Your experience applies equally to all skills.


Message History

You are lethally poisoned!
The centaur closely misses you. x3; The centaur kicks you.
* * * LOW HITPOINT WARNING * * *
Unknown command.
Unknown command.
Okay, then.
Unknown command.
Unknown command.
As you read the scroll of butterflies, it crumbles to dust.
You hear the flapping of tiny wings.
The centaur is knocked back by the sudden gust.
* * * LOW HITPOINT WARNING * * *
You feel very sick.
Unknown command.
Your skin crawls.
You feel strong-willed.
You feel very sick.
The centaur barely misses your butterfly.
The centaur misses your butterfly.
The centaur closely misses your butterfly.
The centaur kicks your butterfly.
Your butterfly dies!
Your butterfly disappears in a burst of colours!
Something misses your butterfly. The centaur hits your butterfly.
Your butterfly dies!
Your butterfly disappears in a burst of colours!
You swap places.
You feel sick.
You hear a zap.
An iceblast appears from out of thin air!
The mass of ice explodes!
The iceblast engulfs your butterfly!
Your butterfly dies!
Your butterfly disappears in a burst of colours!
The iceblast engulfs your butterfly!
Your butterfly dies!
Your butterfly disappears in a burst of colours!
The iceblast engulfs your butterfly!
Your butterfly dies!
Your butterfly disappears in a burst of colours!
The iceblast engulfs you!
You die... .......+................ ####+####................ #..bb.b.####....###### ##.bbbb.# #....# #bbb.b.# #....### #.bbbbb#

#......###
#.bb)bb#
#........#
####.bb.bb#
#.._..._.##
...bbbbb@..#
#..........
...b..b...{#
#....⌠....#
....c#######
#..........
....$
#.._..._...
....
#..........
...
#..........
...
#####.#....
#......
###....


You could see a centaur (ally target).

Vanquished Creatures
  Joseph (D:7)
  Maggie (D:8)
  Jeremiah (D:7)
  4 yaks (D:8)
  A steam dragon (D:8)
  Eustachio (D:4)
  Duvessa (D:7)
  A water moccasin (D:5)
  3 sky beasts
  An orc warrior (D:7)
  An ice beast (D:5)
  2 black bears
  4 centaurs (D:7)
  A phantom (D:3)
  3 kobold brigands
  3 bullfrogs
  A scorpion (D:6)
  A water moccasin zombie (Ossuary)
  4 wights
  Dowan (D:7)
  2 centaur zombies (Ossuary)
  6 hounds
  2 jellies
  3 orc priests
  A gnoll bouda (D:7)
  A sleepcap (D:6)
  3 iguanas
  4 orc wizards
  3 scorpion zombies (Ossuary)
  An ogre zombie (Ossuary)
  7 gnolls
  6 adders
  A white imp (D:6)
  An ufetubus (D:5)
  3 adder zombies (Ossuary)
  A worm (D:2)
  2 dart slugs
  22 orcs
  9 ball pythons
  5 bats
  6 endoplasms
  4 giant cockroaches
  A gnoll zombie (Ossuary)
  2 hobgoblins
  2 jackals (D:4)
  4 quokkas
  6 goblins
  4 goblin zombies (Ossuary)
  2 hobgoblin zombies (Ossuary)
  40 kobolds
  4 orc zombies (Ossuary)
  5 rats
  A rat zombie (D:5)
200 creatures vanquished.

Notes
Turn   | Place    | Note
-------+----------+-------------------------------------------
     0 | D:1      | jejorda2 the Gnoll Berserker began the quest for the Orb.
     0 | D:1      | Reached XP level 1. HP: 23/23 MP: 1/1
   198 | D:1      | Reached XP level 2. HP: 29/29 MP: 2/2
   487 | D:1      | Reached XP level 3. HP: 35/35 MP: 3/3
   514 | D:1      | Reached ** piety under Trog
   712 | D:1      | Reached skill level 1 in Invocations
  1002 | D:2      | Identified the +1 scale mail of the Snake Pit {+Blink +Inv
                  | rF- rC++}
  1041 | D:2      | Reached skill level 1 in Short Blades
  1041 | D:2      | Reached skill level 1 in Long Blades
  1041 | D:2      | Reached skill level 1 in Maces & Flails
  1041 | D:2      | Reached skill level 1 in Polearms
  1041 | D:2      | Reached skill level 1 in Staves
  1041 | D:2      | Reached skill level 1 in Ranged Weapons
  1041 | D:2      | Reached skill level 1 in Throwing
  1041 | D:2      | Reached skill level 1 in Stealth
  1041 | D:2      | Reached skill level 1 in Shields
  1041 | D:2      | Reached skill level 1 in Unarmed Combat
  1041 | D:2      | Reached skill level 1 in Spellcasting
  1041 | D:2      | Reached skill level 1 in Evocations
  1674 | D:3      | Found Yvaj's Jewellery Emporium.
  1729 | D:3      | Reached XP level 4. HP: 40/41 MP: 5/5
  1754 | D:3      | Reached skill level 1 in Shapeshifting
  1880 | D:3      | Noticed a phantom
  1892 | D:3      | Killed a phantom
  1893 | D:3      | Reached skill level 1 in Conjurations
  1893 | D:3      | Reached skill level 1 in Hexes
  1893 | D:3      | Reached skill level 1 in Summonings
  1893 | D:3      | Reached skill level 1 in Necromancy
  1893 | D:3      | Reached skill level 1 in Translocations
  1893 | D:3      | Reached skill level 1 in Transmutations
  1893 | D:3      | Reached skill level 1 in Fire Magic
  1893 | D:3      | Reached skill level 1 in Ice Magic
  1893 | D:3      | Reached skill level 1 in Air Magic
  1893 | D:3      | Reached skill level 1 in Earth Magic
  1893 | D:3      | Reached skill level 1 in Poison Magic
  1893 | D:3      | Reached XP level 5. HP: 47/47 MP: 5/7
  2265 | D:3      | Found a burning altar of Makhleb.
  2467 | D:4      | Noticed Eustachio
  2480 | D:4      | Killed Eustachio
  2481 | D:4      | Reached skill level 5 in Armour
  2481 | D:4      | Reached skill level 5 in Dodging
  2481 | D:4      | Reached XP level 6. HP: 53/53 MP: 7/9
  2688 | D:4      | Found a hide-covered altar of Uskayaw.
  3038 | D:4      | Reached XP level 7. HP: 55/59 MP: 10/10
  3132 | D:4      | Reached *** piety under Trog
  3337 | D:5      | Entered Level 5 of the Dungeon
  3390 | D:5      | Found a sacrificial altar of Ru.
  3405 | D:5      | Found a sand-covered staircase.
  3468 | Ossuary  | Entered an ossuary
  3650 | Ossuary  | Reached XP level 8. HP: 67/67 MP: 12/12
  3827 | Ossuary  | Noticed a silent spectre
  4144 | D:5      | You fall into a shaft and drop 3 floors!
  4148 | D:8      | Noticed a yak
  4148 | D:8      | Noticed a yak
  4148 | D:8      | Noticed a yak
  4150 | D:8      | Noticed a yak
  4156 | D:8      | Killed a yak
  4162 | D:8      | Killed a yak
  4163 | D:8      | Killed a yak
  4164 | D:8      | Reached XP level 9. HP: 73/73 MP: 14/14
  4226 | D:7      | Found a staircase to the Ecumenical Temple.
  4339 | D:7      | Noticed Jeremiah
  5847 | D:6      | Found a stormy altar of Qazlal.
  6143 | D:7      | Reached skill level 5 in Invocations
  6145 | D:7      | Noticed Joseph
  6160 | D:7      | Killed Joseph
  6160 | D:7      | Noticed Duvessa
  6227 | D:7      | Killed Duvessa
  6242 | D:7      | Noticed Dowan
  6248 | D:7      | Killed Dowan
  6256 | D:7      | Reached XP level 10. HP: 23/80 MP: 17/17
  6524 | D:7      | Found a broken altar of Ashenzari.
  6802 | D:7      | Reached skill level 5 in Short Blades
  6802 | D:7      | Reached skill level 5 in Long Blades
  6802 | D:7      | Reached skill level 5 in Maces & Flails
  6802 | D:7      | Reached skill level 5 in Polearms
  6802 | D:7      | Reached skill level 5 in Staves
  6802 | D:7      | Reached skill level 5 in Ranged Weapons
  6802 | D:7      | Reached skill level 5 in Throwing
  6802 | D:7      | Reached skill level 5 in Stealth
  6802 | D:7      | Reached skill level 5 in Shields
  6802 | D:7      | Reached skill level 5 in Unarmed Combat
  6802 | D:7      | Reached skill level 5 in Spellcasting
  6802 | D:7      | Reached skill level 5 in Evocations
  7148 | D:7      | Killed Jeremiah
  7233 | D:7      | Found a basalt altar of Yredelemnul.
  7458 | D:8      | Found a snail-covered altar of Cheibriados.
  7472 | D:8      | Found an ornate altar of the Wu Jian Council.
  7472 | D:8      | Found a glowing golden altar of the Shining One.
  7477 | D:8      | Found a white marble altar of Elyvilon.
  7477 | D:8      | Found an opulent altar of Gozag.
  7575 | D:8      | Noticed Maggie
  7587 | D:8      | Killed Maggie
  7970 | D:8      | Noticed Maurice
  8000 | D:8      | HP: 4/80 [poisoned by Maurice]
  8002 | D:8      | Killed from afar by Maurice

Illustrated notes

Levels and vault maps discovered:
D:1:      psy_arrival_radial02, layout_basic
D:2:      layout_basic
D:3:      layout_loops_ring, lightli_temple_of_fire, serial_shops, shop,
          serial_rivers, chequers_serial_rivers_micro_b,
          chequers_serial_rivers_large_a, chequers_serial_rivers_micro_b,
          chequers_serial_rivers_marsh, chequers_serial_rivers_micro_b,
          skrybe_limestone_x
D:4:      layout_loops_ring, mainiacjoe_overflow_alcove_1,
          nicolae_twisty_statue_hallways, uniq_eustachio
D:5:      layout_basic, nicolae_ru_awakened_eye, enter_ossuary_3,
          kennysheep_minor_cross
D:6:      layout_loops_ring, nicolae_qazlal_style_of_elements,
          chequers_decorated_corner, minmay_crossroads
D:7:      layout_loops_corners, cheibrodos_ashenzari_chains,
          mainiacjoe_overflow_chevrons, minmay_temple_entry_overgrown,
          uniq_jeremiah, uniq_joseph, uniq_duvessa
D:8:      kennysheep_kobold_camp, layout_basic,
          mainiacjoe_overflow_six_doors_small, grunt_temple_overflow_open,
          uniq_maurice, uniq_maggie

Skill      XL: |  1  2  3  4  5  6  7  8  9 10 |
---------------+-------------------------------+-----
Invocations    | 1 2 3 4 5 |  5.9
Short Blades   | 1 2 3 4 5 |  5.4
Long Blades    | 1 2 3 4 5 |  5.4
Maces & Flails | 1 2 3 4 5 |  5.4
Polearms       | 1 2 3 4 5 |  5.4
Staves         | 1 2 3 4 5 |  5.4
Ranged Weapons | 1 2 3 4 5 |  5.4
Throwing       | 1 2 3 4 5 |  5.4
Stealth        | 1 2 3 4 5 |  5.4
Shields        | 1 2 3 4 5 |  5.4
Unarmed Combat | 1 2 3 4 5 |  5.4
Spellcasting   | 1 2 3 4 5 |  5.4
Evocations     | 1 2 3 4 5 |  5.4
Shapeshifting  | 1 2 3 4 |  4.9
Conjurations   | 1 2 3 4 |  4.4
Hexes          | 1 2 3 4 |  4.4
Summonings     | 1 2 3 4 |  4.4
Necromancy     | 1 2 3 4 |  4.4
Translocations | 1 2 3 4 |  4.4
Transmutations | 1 2 3 4 |  4.4
Fire Magic     | 1 2 3 4 |  4.4
Ice Magic      | 1 2 3 4 |  4.4
Air Magic      | 1 2 3 4 |  4.4
Earth Magic    | 1 2 3 4 |  4.4
Poison Magic   | 1 2 3 4 |  4.4
Armour         | 5 6 7 |  7.1
Dodging        | 5 6 7 |  7.1
Fighting       | 7 8 |  8.6
Axes           | 7 8 |  8.6

Action                     |  1- 3 |  4- 6 |  7- 9 | 10-12 || total
---------------------------+-------+-------+-------+-------++-------
  Melee: Hand axe          |   107 |     5 |       |       ||   112
         Bite              |     7 |    12 |    34 |    25 ||    78
         War axe           |       |    82 |   308 |    84 ||   474
         Punch             |       |     1 |     5 |     2 ||     8
         Battleaxe         |       |       |       |    85 ||    85
  Throw: Boomerang         |       |       |     3 |       ||     3
 Invoke: Berserk           |       |     2 |    10 |     2 ||    14
         Trog's Hand       |       |     1 |     3 |     6 ||    10
  Evoke: Wand              |       |       |       |     3 ||     3
    Use: Scroll            |       |       |    19 |     6 ||    25
 Armour: Animal skin       |     6 |       |       |       ||     6
         Scale mail        |    44 |       |       |       ||    44
         Plate armour      |    16 |    72 |   355 |   164 ||   607
  Dodge: Dodged            |    48 |    26 |   140 |    83 ||   297

Table legend: (Time is in decaauts)
 A = Elapsed time spent in this place.
 B = Non-inter-level travel time spent in this place.
 C = Inter-level travel time spent in this place.
 D = Time resting spent in this place.
 E = Time spent auto-exploring this place.
 F = Levels seen in this place.
 G = Mean time per level.
                   A        B        C        D        E       F      G
               +--------+--------+--------+--------+--------+-----+--------+
         Total |   8200 |   7867 |    333 |    828 |   5380 |   9 |  911.1 |
       Dungeon |   7779 |   7446 |    333 |    706 |   5351 |   8 |  972.4 |
       Ossuary |    421 |    421 |      0 |    121 |     29 |   1 |  421.0 |
               +--------+--------+--------+--------+--------+-----+--------+

Top non-repeatable levels by time:
     D:7: 1504 daAuts
     D:6: 1150 daAuts
     D:5: 1049 daAuts
     D:3: 969 daAuts
     D:2: 838 daAuts
     D:1: 808 daAuts
     D:4: 762 daAuts
     D:8: 697 daAuts
 Ossuary: 421 daAuts
